 Dungeon Crawl Stone Soup version 0.28.0-47-ge53b351184 (webtiles) character file.

Game seed: 15426802576639958298

5765 pkoi the Zephyrmancer (level 10, -6/71 HPs)
             Began as a Demigod Air Elementalist on Apr 25, 2022.
             Shot with an arrow by a centaur warrior (15 damage)
             ... on level 10 of the Dungeon.
             The game lasted 00:20:34 (19141 turns).

pkoi the Zephyrmancer (Demigod Air Elementalist)   Turns: 19141, Time: 00:20:34

Health: -6/71      AC: 11    Str:  9    XL:     10   Next: 25%
Magic:  2/21       EV: 21    Int: 29    God:
Gold:   369        SH:  0    Dex: 14    Spells: 2/19 levels left

rFire   . . .      SeeInvis .   w - staff of air
rCold   . . .      Faith    .   (no shield)
rNeg    . . .      Spirit   .   a - +1 robe
rPois   .          Reflect  .   r - +2 helmet
rElec   +          Harm     .   z - +0 cloak
rCorr   .          Rampage  .   B - +2 pair of gloves {hurl}
Will    +....                   F - +0 pair of boots
Stlth   ++........              (no amulet)
HPRegen 0.21/turn               i - +4 ring of evasion
MPRegen 0.17/turn               v - +4 ring of evasion

@: no status effects
A: high MP 1, forlorn, divine attributes
a: no special abilities


You were on level 10 of the Dungeon.
You visited 3 branches of the dungeon, and saw 12 of its levels.

You collected 369 gold pieces.

Inventory:

Hand Weapons
 b - a +0 club
 k - a +1 dagger of chaos
 E - a +2 dagger of speed
Missiles
 d - a throwing net
 t - 10 javelins
 C - 9 poisoned darts
Armour
 a - a +1 robe (worn)
 r - a +2 helmet (worn)
 z - a +0 cloak (worn)
 B - a +2 pair of gloves of hurling (worn)
 F - a +0 pair of boots (worn)
Magical Staves
 w - a staff of air (weapon)
 H - a staff of fire
Jewellery
 i - a +4 ring of evasion (left hand)
 v - a +4 ring of evasion (right hand)
 K - a ring of protection from cold
 L - a ring of fire
Wands
 l - a wand of iceblast (20)
 n - a wand of charming (5)
 q - a wand of acid (3)
 x - a wand of mindburst (18)
Scrolls
 h - 3 scrolls of enchant weapon
 j - a scroll of teleportation
 m - a scroll of magic mapping
 o - 2 scrolls of blinking
Potions
 c - 5 potions of curing
 e - 4 potions of haste
 f - 2 potions of might
 g - 2 potions of invisibility
 s - a potion of brilliance
 u - a potion of resistance
 A - 2 potions of berserk rage {unknown}
 G - a potion of heal wounds {unknown}
 I - a potion of magic
 J - 2 potions of attraction {unknown}


   Skills:
 - Level 1.0 Fighting
 - Level 3.0 Dodging
 - Level 1.7 Stealth
 + Level 5.3 Spellcasting
 + Level 4.7 Conjurations
 + Level 2.2 Summonings
 + Level 4.8 Transmutations
 - Level 3.0 Fire Magic
 + Level 8.8 Air Magic
 - Level 3.0 Poison Magic
 + Level 5.0 Evocations


You had 2 spell levels left.
You knew the following spells:

 Your Spells              Type           Power      Damage    Failure   Level
a - Shock                 Conj/Air       100%       1d9       1%          1
b - Static Discharge      Conj/Air       63%        N/A       1%          2
c - Swiftness             Air            73%        N/A       1%          3
d - Airstrike             Air            36%        N/A       1%          4
e - Ignite Poison         Fire/Tmut/Pois 28%        N/A       4%          3
f - Summon Lightning Spi  Summ/Air       56%        N/A       6%          4

Your spell library contained the following spells:

 Spells                   Type           Power      Damage    Failure   Level
 Conjure Flame            Conj/Fire      30%        6-21      3%          3
 Sticky Flame             Conj/Fire      30%        2d5       12%         4
 Animate Dead             Necr           3%         N/A       52%         4
 Borgnjor's Vile Clutch   Necr/Erth      3%         N/A       86%         5
 Storm Form               Tmut/Air       31%        N/A       97%         7
 Death Channel            Necr           3%         N/A       100%        6
 Maxwell's Capacitive Co  Air            36%        ∞         100%        8


Dungeon Overview and Level Annotations

Branches:
Dungeon (10/15)            Temple (1/1) D:4            Lair (1/6) D:10
    Orc: D:9-12

Shops:
D:1 ?

Annotations:
D:8 3 runed translucent doors, AlmostDecent's ghost, novice FoFi


Innate Abilities, Weirdness & Mutations

You have an increased reservoir of magic. (+10% MP)
You shall have no god before yourself.
Your divine heritage dramatically boosts your attributes as you level up.


Message History

The air twists around and strikes the centaur warrior!
The centaur warrior is moderately wounded.
You hear a shout!
The centaur warrior shoots an arrow.
The arrow hits you!!
* * * LOW HITPOINT WARNING * * *
You hear a shout!
Casting: Airstrike (dangerous; 1% risk of failure)
Confirm with . or Enter, or press ? or * to list all spells.
Aiming: Airstrike (dangerous; 1% risk of failure)
Press: ? - help, Dir - move target, f/p - centaur warrior
Aim: a centaur warrior, wielding a +0 longbow and quivering arrows (moderately wounded, empty space bonus: 5/8)
You feel a surge of power!
The air twists around and strikes the centaur warrior!!
The centaur warrior is severely wounded.
The centaur warrior shoots an arrow.
The arrow hits you!!
* * * LOW HITPOINT WARNING * * *
Casting: Airstrike (dangerous; 1% risk of failure)
Confirm with . or Enter, or press ? or * to list all spells.
Aiming: Airstrike (dangerous; 1% risk of failure)
Press: ? - help, Dir - move target, f/p - centaur warrior
Aim: a centaur warrior, wielding a +0 longbow and quivering arrows (severely wounded, empty space bonus: 5/8)
You feel a surge of power!
The air twists around and strikes the centaur warrior!
The centaur warrior is almost dead.
The centaur warrior shoots an arrow.
The arrow hits you!
* * * LOW HITPOINT WARNING * * *
Aiming: Shock (safe; 1% risk of failure)
Press: ? - help, Q - select action, (/) - cycle Shift-Dir - straight line, f/p - centaur warrior
Aim: a centaur warrior, wielding a +0 longbow and quivering arrows (almost dead, 81% to hit)
You feel a surge of power!
The zap hits the centaur warrior.
The centaur warrior is almost dead.
The centaur warrior shoots an arrow.
The arrow closely misses you.
The centaur warrior shoots an arrow.
The arrow hits you!
* * * LOW HITPOINT WARNING * * *
The centaur warrior shoots an arrow.
The arrow completely misses you.
There is a stone staircase leading up here.
The centaur warrior shoots an arrow.
The arrow hits you!
* * * LOW HITPOINT WARNING * * *
The centaur warrior shoots an arrow.
The arrow hits you!
You die...

........#
co......##########
#c.##...>....
#.....#######
########[.####
#.........#
#.........# #........#
#######@#### #....#
########'## ########
#.........####......#
#.......<.#..'......#
#.........'.##...?.)##
#.........####......'.
'.........# #......##
#.........# ##'#####


You could see a centaur warrior.

Vanquished Creatures
  2 two-headed ogres (D:9)
  Joseph (D:8)
  2 hornets (D:9)
  Sigmund (D:6)
  A wyvern (D:10)
  4 yaks (D:10)
  Eustachio (D:5)
  2 orc warriors
  2 ice beasts
  A black bear (D:4)
  A sky beast (D:5)
  A necrophage (D:6)
  An ogre (D:6)
  3 centaurs
  2 phantoms
  2 gnoll sergeants
  Blork the orc (D:5)
  3 bullfrogs
  3 scorpions
  A water moccasin skeleton (D:4)
  A killer bee (D:10)
  A bullfrog zombie (D:7)
  4 centaur zombies
  4 orc priests
  A centaur skeleton (D:5)
  A bullfrog skeleton (D:6)
  2 gnoll shamans
  2 hounds
  An iguana (D:7)
  Ijyb (D:5)
  9 orc wizards
  2 howler monkey zombies (D:9)
  18 gnolls
  A howler monkey skeleton (D:7)
  8 adders
  2 white imps
  3 ufetubi
  3 dart slugs
  18 orcs
  3 bats
  6 endoplasms
  3 giant cockroaches
  12 goblins
  7 hobgoblins
  7 jackals
  5 quokkas
  10 ball pythons
  2 frilled lizards
  7 kobolds
  2 rats
181 creatures vanquished.

Notes
Turn   | Place    | Note
-------+----------+-------------------------------------------
     0 | D:1      | pkoi the Demigod Air Elementalist began the quest for the
                  | Orb.
     0 | D:1      | Reached XP level 1. HP: 14/14 MP: 5/5
   113 | D:1      | Reached skill level 3 in Air Magic
   686 | D:1      | Reached XP level 2. HP: 20/20 MP: 5/7
  1032 | D:1      | Found Astrezol's Magic Scroll Shop.
  1676 | D:2      | Reached XP level 3. HP: 26/26 MP: 2/8
  1849 | D:2      | Reached skill level 4 in Air Magic
  3308 | D:3      | Reached XP level 4. HP: 33/33 MP: 5/9
  4126 | D:3      | Learned a level 3 spell: Swiftness
  4129 | D:3      | Learned a level 2 spell: Static Discharge
  4315 | D:3      | Reached skill level 5 in Air Magic
  4553 | D:3      | You fall into a shaft and drop 2 floors!
  4553 | D:5      | Entered Level 5 of the Dungeon
  4601 | D:5      | Noticed a phantom
  5023 | D:5      | Reached XP level 5. HP: 38/38 MP: 3/11
  5313 | D:4      | Noticed a black bear
  5329 | D:4      | Killed a black bear
  5531 | D:3      | Reached XP level 6. HP: 45/45 MP: 10/13
  5645 | D:3      | Reached skill level 6 in Air Magic
  5892 | D:4      | Learned a level 4 spell: Airstrike
  5988 | D:4      | Reached skill level 1 in Conjurations
  6378 | D:4      | Found a staircase to the Ecumenical Temple.
  6866 | D:5      | Reached skill level 1 in Fighting
  7077 | D:5      | Reached XP level 7. HP: 52/52 MP: 1/14
  8567 | D:4      | Found a staircase to the Ecumenical Temple.
  8813 | Temple   | Entered the Ecumenical Temple
  9467 | D:5      | Noticed Blork the orc
  9469 | D:5      | Killed Blork the orc
  9802 | D:5      | Noticed Eustachio
  9807 | D:5      | Killed Eustachio
 10015 | D:5      | Noticed Ijyb
 10018 | D:5      | Killed Ijyb
 10390 | D:6      | Reached skill level 7 in Air Magic
 10847 | D:6      | Learned a level 3 spell: Ignite Poison
 10899 | D:6      | Reached skill level 1 in Evocations
 11092 | D:6      | Reached XP level 8. HP: 59/59 MP: 8/17
 11266 | D:6      | Noticed Sigmund
 11268 | D:6      | Killed Sigmund
 11269 | D:6      | Reached skill level 1 in Transmutations
 11269 | D:6      | Reached skill level 1 in Fire Magic
 11269 | D:6      | Reached skill level 1 in Poison Magic
 14318 | D:7      | Reached XP level 9. HP: 64/64 MP: 13/18
 15411 | D:8      | Noticed Joseph
 15916 | D:8      | Killed Joseph
 15917 | D:8      | Reached skill level 8 in Air Magic
 16181 | D:8      | Noticed AlmostDecent's ghost (novice FoFi)
 16199 | D:8      | Found a runed translucent gate.
 16199 | D:8      | Found a runed translucent gate.
 16199 | D:8      | Found a runed translucent gate.
 17206 | D:9      | Noticed a two-headed ogre
 17209 | D:9      | Killed a two-headed ogre
 17487 | D:9      | Learned a level 4 spell: Summon Lightning Spire
 18293 | D:9      | Noticed a two-headed ogre
 18296 | D:9      | Killed a two-headed ogre
 18297 | D:9      | Reached skill level 5 in Spellcasting
 18297 | D:9      | Reached skill level 1 in Summonings
 18297 | D:9      | Reached XP level 10. HP: 71/71 MP: 7/21
 18521 | D:10     | Entered Level 10 of the Dungeon
 18956 | D:10     | Found a staircase to the Lair.
 19024 | Lair:1   | Entered Level 1 of the Lair of Beasts
 19053 | Lair:1   | Noticed an elephant
 19130 | D:10     | Noticed a centaur warrior
 19131 | D:10     | Reached skill level 5 in Evocations
 19141 | D:10     | Shot with an arrow by a centaur warrior

Illustrated notes

Levels and vault maps discovered:
D:1:      psy_arrival_statuary, layout_basic, serial_shops, shop
D:2:      layout_loops_ring, basic_altar
D:3:      layout_loops_ring, grunt_ministairs_7, minmay_misc_feat_doors,
          serial_bayou_pond_d, minmay_fractal_squares_5
D:4:      layout_cave_pools, fiery_altar_vehumet, minmay_temple_entry_ruins
D:5:      layout_cave_pods, uniq_blork_the_orc, uniq_eustachio, uniq_ijyb
D:6:      layout_basic, tgw_xom, uniq_sigmund
D:7:      layout_gridville, minmay_misc_feat_tiny
D:8:      layout_rooms, mainiacjoe_overflow_catwalk,
          mainiacjoe_overflow_concentric_impassable, gammafunk_ghost_icy,
          uniq_joseph
D:9:      layout_big_octagon
D:10:     layout_roguey, lair_entry_dummy, david_orc_4
Temple:   dpeg_five_rooms_temple
Lair:1:   layout_cave_pods, bh_autumn_forest_stairs

Skill      XL: |  1  2  3  4  5  6  7  8  9 10 |
---------------+-------------------------------+-----
Air Magic      | 3 4 5 6 7 8 |  8.8
Spellcasting   | 2 3 4 5 |  5.3
Conjurations   | 1 2 3 4 |  4.7
Dodging        | 2 3 |  3.0
Fighting       | 1 |  1.0
Evocations     | 1 3 4 5 |  5.0
Transmutations | 2 4 |  4.8
Fire Magic     | 2 3 |  3.0
Poison Magic   | 2 3 |  3.0
Summonings     | 1 2 |  2.2
Stealth        | |  1.7

Action                   |  1- 3 |  4- 6 |  7- 9 | 10-12 || total
-------------------------+-------+-------+-------+-------++-------
Melee: Club              |    21 |       |       |       ||    21
       Dagger            |    17 |    27 |       |       ||    44
       Staff             |       |       |     6 |       ||     6
 Cast: Shock             |    93 |   125 |   101 |    18 ||   337
       Static Discharge  |       |     2 |     3 |     1 ||     6
       Airstrike         |       |     5 |    93 |    11 ||   109
Evoke: Wand              |       |       |     1 |       ||     1
  Use: Scroll            |     3 |     1 |    16 |     2 ||    22
       Potion            |       |       |     1 |       ||     1
Armor: Robe              |     6 |    11 |    14 |     3 ||    34
Dodge: Dodged            |    34 |    48 |    57 |    13 ||   152
